 Dungeon Crawl Stone Soup version 0.27.1-1-g398f81649c (webtiles) character file.

Game seed: 8453514160631818614

25 Amplified the Skirmisher (level 2, -3/25 HPs)
             Began as a Palentonga Abyssal Knight on Sept 6, 2021.
             Was a Follower of Lugonu.
             Slain by Sigmund (7 damage)
             ... on level 2 of the Dungeon.
             The game lasted 00:01:28 (1324 turns).

Amplified the Skirmisher (PaAK)                     Turns: 1324, Time: 00:01:30

Health: -3/25      AC:  4    Str: 15    XL:     2   Next: 86%
Magic:  3/3        EV:  9    Int: 12    God:    Lugonu [*.....]
Gold:   69         SH:  0    Dex:  9    Spells: 1/1 levels left

rFire    . . .     SeeInvis +   a - +1 hand axe (venom)
rCold    . . .     Faith    .   (no shield)
rNeg     . . .     Spirit   .   b - +0 leather armour
rPois    .         Reflect  .   (no helmet)
rElec    .         Harm     .   (no cloak)
rCorr    .         Rampage  .   (no gloves)
Will     .....                  (no barding)
Stlth    +.........             (no amulet)
HPRegen  0.08/turn              (no ring)
MPRegen  0.08/turn              (no ring)

@: attractive
A: large, rugged brown scales 3, see invisible, deformed body, roll 1, armoured
tail
a: Rolling Charge, Renounce Religion, Depart the Abyss


You were on level 2 of the Dungeon.
You worshipped Lugonu.
Lugonu was aware of your devotion.
You visited 1 branch of the dungeon, and saw 2 of its levels.
You visited the Abyss 1 time.

You collected 69 gold pieces.

Inventory:

Hand Weapons
 a - a +1 hand axe of venom (weapon)
Armour
 b - a +0 leather armour (worn)
Scrolls
 e - 2 scrolls of teleportation
Potions
 d - a potion of might {unknown}


   Skills:
 * Level 3.3 Fighting
 * Level 2.5 Axes
 + Level 1.8 Armour
 + Level 1.0 Dodging
 + Level 2.2 Invocations


You had one spell level left.
You didn't know any spells.
Your spell library was empty.

Dungeon Overview and Level Annotations

Branches:
Dungeon (2/15)

Altars:

Annotations:
D:2 Sigmund


Innate Abilities, Weirdness & Mutations

You are completely covered in rugged brown scales. (AC +3, +7% HP)
You have supernaturally acute eyesight. (SInv)
Armour fits poorly on your strangely shaped body.
You can roll at nearby foes to attack.
You have a long armoured tail.


Message History

Sigmund is nearby!
There is a stone staircase leading up here.
Sigmund is nearby!
You aren't carrying any items that you can evoke.
Unknown command.
Okay, then.
Roll where?
Press: ? - help, Dir - move target, f - Sigmund
Aim: Sigmund, wielding a +0 scythe and wearing a +0 robe You roll forward with a clatter of scales!
You closely miss Sigmund. Sigmund barely misses you.
Unknown command.
Unknown command.
It was a potion of attraction.
You feel attractive to monsters. Sigmund hits you with a +0 scythe.
Unknown command.
You hit Sigmund.
Sigmund is poisoned.
Your tail-slap misses Sigmund.
Sigmund is lightly wounded.
Sigmund barely misses you.
You barely miss Sigmund.
Sigmund is lightly wounded.
You hit Sigmund.
Sigmund is moderately wounded.
Sigmund hits you with a +0 scythe!
You hit Sigmund.
Sigmund is moderately wounded.
Sigmund closely misses you.
You hit Sigmund.
Sigmund is heavily wounded.
Sigmund hits you but does no damage.
You hit Sigmund.
Sigmund looks as sick as possible!
Sigmund is almost dead.
You closely miss Sigmund.
Sigmund is almost dead.
Sigmund gestures at you while chanting. The puff of flame hits you!
* * * LOW HITPOINT WARNING * * *
Sigmund hits you with a +0 scythe!
You die...

#..........#
#..........#
#..........#
###.....#.#.## #
#....##...#.# #.
##.#.##..###.##
#.##..<..........#
#................##
#..@@.............#
.....................#
.#...................#
.....................#
...#.................#
.. #.............^...#
. .................##
.####......#.....##
###...#.....####


You could see Sigmund (extremely poisoned).

Vanquished Creatures
  6 bats
  2 endoplasms
  3 goblins (D:1)
  A hobgoblin (D:1)
  6 frilled lizards (D:1)
  4 kobolds (D:1)
  4 rats
26 creatures vanquished.

Notes
Turn   | Place    | Note
-------+----------+-------------------------------------------
     0 | Abyss:1  | Amplified the Palentonga Abyssal Knight began the quest for
                  | the Orb.
     0 | Abyss:1  | Reached XP level 1. HP: 19/19 MP: 2/2
    60 | Abyss:1  | Noticed a neqoxec
    62 | D:1      | Escaped the Abyss
   220 | D:1      | Reached XP level 2. HP: 25/25 MP: 3/3
   568 | D:1      | Reached skill level 1 in Dodging
   651 | D:1      | Reached * piety under Lugonu
  1313 | D:2      | Noticed Sigmund
  1324 | D:2      | Slain by Sigmund

Illustrated notes

Levels and vault maps discovered:
D:1:      erik_arrival_cave_to_civilisation [erik_arrival_cave_to_hall],
          layout_basic
D:2:      layout_rooms, ebering_ecumenical_altar_rust, serial_shops,
          nicolae_shop_overgrown_old_shop, serial_bayou_pond_b, uniq_sigmund

Skill      XL: |  1  2 |
---------------+-------+-----
Dodging        | 1 |  1.0
Fighting       | |  3.3
Axes           | |  2.5
Armour         | |  1.8
Invocations    | |  2.2

Action                   || total
-------------------------++-------
Melee: Hand axe          ||    58
       Tailslap          ||     2
Invok: Depart the Abyss  ||     1
 Abil: Rolling Charge    ||     9
  Use: Scroll            ||     3
       Potion            ||     1
Armor: Leather armour    ||    23
Dodge: Dodged            ||    17
